 Dungeon Crawl Stone Soup version 0.20.1-1-g8b1a95d (webtiles) character file.

813 letownia2 the Grave Robber (level 7, -3/57 HPs)
             Began as a Deep Dwarf Necromancer on Dec 20, 2017.
             Was an Initiate of Gozag.
             Slain by an orc warrior
             ... wielding a +0 short sword
              (12 damage)
             ... on level 6 of the Dungeon.
             The game lasted 00:17:12 (4728 turns).

letownia2 the Grave Robber (Deep Dwarf Necromancer) Turns: 4728, Time: 00:17:13

Health: -3/57      AC:  0    Str: 12    XL:     7   Next: 61%
Magic:  2/15       EV: 20    Int: 17    God:    Gozag
Gold:   786        SH:  0    Dex: 18    Spells: 13/17 levels left

rFire    . . .     SeeInvis .   (weapon currently unavailable)
rCold    . . .     Gourm    .   (shield currently unavailable)
rNeg     . . .     Faith    .   (armour currently unavailable)
rPois    .         Spirit   .   (helmet currently unavailable)
rElec    .         Reflect  .   (cloak currently unavailable)
rCorr    .         Harm     .   (gloves currently unavailable)
MR       +....                  (boots currently unavailable)
Stlth    ++........             (no amulet)
Regen    0.0/turn               (ring currently unavailable)
MPRegen  0.2/turn               (ring currently unavailable)

@: about to teleport, bat-form, gold aura, flying, non-regenerating, very quick
A: damage resistance, heal wounds, sense surroundings 1, no regeneration
a: Heal Wounds, Potion Petition, Call Merchant, Bribe Branch, Renounce Religion


You were on level 6 of the Dungeon.
You worshipped Gozag.
Gozag was pleased with you.
You were very hungry.
You were in bat-form.
You visited 2 branches of the dungeon, and saw 7 of its levels.
You also visited: Sewer.

You collected 873 gold pieces.
You paid 87 gold pieces to Gozag.

Inventory:

Hand Weapons
 a - a +3 quarterstaff of chaos (melded)
 b - a +0 dagger
 p - a +2 vampiric spear
 u - a +0 hand axe
 w - a +0 flail of holy wrath
 K - a cursed +0 war axe
Missiles
 f - 4 steel javelins (quivered)
 C - 86 bolts
Armour
 h - a +0 ring mail (melded)
 D - the +0 scale mail of Repulsion {Stlth+}
   (You found it on level 5 of the Dungeon)

   It makes you more stealthy.
 I - a +1 cloak of magic resistance (melded)
 J - a +1 robe of fire resistance
Jewellery
 m - a +4 ring of evasion (melded)
 B - an uncursed ring of protection from cold
 F - a ring of protection from fire (melded)
Wands
 E - a wand of polymorph (3/24)
Scrolls
 e - 2 scrolls of teleportation
 g - 3 scrolls of amnesia
 k - 3 scrolls of random uselessness {unknown}
 t - 6 scrolls of remove curse
 v - 2 scrolls of enchant armour {unknown}
 y - 3 scrolls of fear {unknown}
 A - 3 scrolls of blinking {unknown}
 H - a scroll of recharging
 L - a scroll of magic mapping {unknown}
Potions
 i - a potion of resistance {unknown}
 j - 2 potions of haste
 l - a potion of brilliance {unknown}
 n - a potion of lignification {unknown}
 o - 2 potions of heal wounds
 q - a potion of agility {unknown}
 r - a potion of curing {unknown}
 s - 2 potions of magic
 z - a potion of flight {unknown}
 G - a potion of might {unknown}
Books
 x - a book of Necromancy

   Spells                             Type                      Level
   a - Pain                           Necromancy                   1
   b - Animate Skeleton               Necromancy                   1
   c - Vampiric Draining              Necromancy                   3
   d - Regeneration                   Charms/Necromancy            3
   e - Animate Dead                   Necromancy                   4
   f - Control Undead                 Necromancy                   4
Comestibles
 c - 2 bread rations
 d - 5 fruits
 M - a royal jelly


   Skills:
 - Level 1.0 Fighting
 - Level 1.6 Armour
 - Level 2.1 Dodging
 - Level 2.4 Stealth
 + Level 5.6 Spellcasting
 - Level 7.2 Necromancy


You had 13 spell levels left.
You knew the following spells:

 Your Spells              Type           Power        Failure   Level  Hunger
a - Pain                  Necr           ####         1%          1    None
v - Vampiric Draining     Necr           ####......   1%          3    ##.....


Dungeon Overview and Level Annotations

Branches:
Dungeon (6/15)             Temple (1/1) D:4

Altars:
Ashenzari
Cheibriados
Dithmenos
Elyvilon
Fedhas
Gozag
Hepliaklqana
Makhleb
Nemelex Xobeh
Okawaru
Qazlal
Ru
Sif Muna
Trog
Uskayaw
Vehumet
Xom
Yredelemnul
Zin
The Shining One

Shops:
D:4 }*=!

Annotations:
D:1 DIG
D:4 exclusion: worm, Dowan, Duvessa, Menkaure
D:5 exclusion: necrophage


Innate Abilities, Weirdness & Mutations

You are resistant to damage.
You can heal yourself by infusing magical energy.
You passively map a small area around you.
You do not regenerate.


Message History

You feel less resistant to hostile enchantments.
Evoking this partially-identified wand wasted a few charges.
An orc warrior opens the door.
Unknown command.
Unknown command.
Okay, then.
Put on which piece of jewellery? (? for menu, Esc to quit)
Okay, then.
As you read the scroll of teleportation, it crumbles to dust.
You feel strangely unstable.
The killer bee buzzes angrily.
You hear an angry growl.
You hear an angry buzzing noise. x2
The killer bee closely misses you. The orc warrior barely misses you.
The killer bee stings you.
* * * LOW HITPOINT WARNING * * *
Unknown command.
The killer bee closely misses you.
The orc warrior hits you with a short sword!
You die...
Your body crumbles into a pile of gold.

#. ##.# , ,
#.#* * * #
#.##* , ,.[
$ ,#..# **
, ,$... ,
,##.## , ,
,.... *#..#
* ..... ,
##.#
###5y....
,###.. ,,
#byy.....
+.... , ,
#o#y.....
,####. #{#
..... ,,*
## * #o#
####*#+#* #
#o# #.# # *
#.# #.# #
###.# #.#
,, * #...#
#.# *
#...#######
#.#


You could see an orc warrior, 4 killer bees, an orc priest, a shadow imp and an
orc.

Vanquished Creatures
  An orc warrior (D:6)
  Purgy (Sewer)
  A bullfrog (D:6)
  A bullfrog zombie (D:5)
  2 hounds
  2 jellies
  2 orc wizards (D:6)
  An orc priest (D:6)
  Crazy Yiuf (D:5)
  Ijyb (D:5)
  An iguana (D:4)
  A worker ant (D:5)
  A worker ant zombie (D:5)
  3 gnolls
  5 adders
  A shadow imp (D:6)
  An ooze (D:1)
  2 dart slugs
  3 leopard geckos
  15 orcs
  7 ball pythons
  12 bats
  6 giant cockroaches
  8 goblins
  8 hobgoblins
  11 jackals
  3 kobolds
  4 quokkas
  10 frilled lizards
  A quokka skeleton (D:5)
  4 rats
120 creatures vanquished.

Notes
Turn   | Place    | Note
-------+----------+-------------------------------------------
     0 | D:1      | letownia2 the Deep Dwarf Necromancer began the quest for the Orb.
     0 | D:1      | Reached XP level 1. HP: 15/15 MP: 3/3
   175 | D:2      | Found a faded altar of an unknown god.
   296 | D:2      | Reached XP level 2. HP: 22/22 MP: 1/5
   514 | D:2      | Reached skill level 5 in Necromancy
   633 | D:4      | Found Pumiyqux's Distillery.
   700 | D:4      | Reached XP level 3. HP: 16/28 MP: 0/6
   710 | D:4      | Learned a level 3 spell: Vampiric Draining
   829 | D:4      | Noticed a phantom
   864 | D:4      | Found Udwoaj's Assorted Antiques.
   988 | D:4      | Noticed Menkaure
  1167 | D:4      | Found Vaudaq's Jewellery Shop.
  1185 | D:4      | Noticed Duvessa
  1189 | D:4      | Noticed Dowan
  1220 | D:4      | Found a shimmering altar of Xom.
  1257 | D:4      | Found Ykix Heg's Gadget Boutique.
  1333 | D:4      | Found a staircase to the Ecumenical Temple.
  1342 | Temple   | Entered the Ecumenical Temple
  1349 | Temple   | Became a worshipper of Gozag Ym Sagoz the Greedy
  1505 | D:3      | Reached XP level 4. HP: 26/36 MP: 2/7
  2266 | D:2      | Reached skill level 6 in Necromancy
  2266 | D:2      | Reached XP level 5. HP: 26/42 MP: 6/9
  2577 | D:1      | Reached skill level 1 in Fighting
  3009 | D:5      | Entered Level 5 of the Dungeon
  3099 | D:5      | Reached skill level 1 in Armour
  3139 | D:5      | Got a faintly humming scale mail
  3159 | D:5      | Identified the +0 scale mail of Repulsion {Stlth+} (You found it on level 5 of the Dungeon)
  3185 | D:5      | Noticed a necrophage
  3251 | D:5      | Found a white marble altar of Elyvilon.
  3252 | D:5      | Noticed Ijyb
  3302 | D:5      | Killed Ijyb
  3302 | D:5      | Reached XP level 6. HP: 39/51 MP: 0/10
  3365 | D:5      | Found a shattered altar of Ashenzari.
  3463 | D:5      | Reached skill level 7 in Necromancy
  3577 | D:5      | Found a glowing drain.
  3591 | Sewer    | Entered a sewer
  3744 | Sewer    | Noticed Purgy
  3754 | Sewer    | Killed Purgy
  4340 | D:5      | Found a runed door.
  4344 | D:5      | Noticed Crazy Yiuf
  4349 | D:5      | Killed Crazy Yiuf
  4522 | D:6      | Reached XP level 7. HP: 46/57 MP: 6/13
  4587 | D:6      | Reached skill level 5 in Spellcasting
  4728 | D:6      | Slain by an orc warrior

Skill      XL: |  1  2  3  4  5  6  7 |
---------------+----------------------+-----
Spellcasting   | 2 3 4 5 |  5.6
Necromancy     | 5 6 7 |  7.2
Fighting       | 1 |  1.0
Armour         | 1 |  1.6
Dodging        | |  2.1
Stealth        | |  2.4

Action                   |  1- 3 |  4- 6 |  7- 9 || total
-------------------------+-------+-------+-------++-------
Melee: Dagger            |    22 |    86 |       ||   108
       Unarmed           |       |     6 |       ||     6
       Quarterstaff      |       |     6 |    42 ||    48
Throw: Javelin           |     1 |     9 |     2 ||    12
 Cast: Pain              |    43 |   114 |     1 ||   158
       Vampiric Draining |    10 |    11 |    11 ||    32
Evoke: Wand              |       |     2 |     1 ||     3
  Use: Scroll            |     5 |     3 |     1 ||     9
       Potion            |       |     1 |       ||     1
 Stab: Sleeping          |       |     1 |       ||     1
  Eat: Chunk             |     3 |       |       ||     3
       Royal jelly       |       |     1 |       ||     1
       Bread ration      |       |     2 |       ||     2
       Fruit             |       |     1 |       ||     1
Armor: Robe              |     1 |       |       ||     1
       Ring mail         |    12 |    48 |    18 ||    78
       Skin              |       |     2 |       ||     2
Dodge: Dodged            |    35 |   170 |    46 ||   251
